[Event "Late-Titled-Tuesday-Blitz-September-26-2023"]
[Site "Chess.com"]
[Date "2023.09.26"]
[Round "6"]
[White "Saif_Malek04"]
[Black "Chessdemon2019"]
[Result "1-0"]
[WhiteElo "2571"]
[BlackElo "2391"]
[TimeControl "180+1"]
[EndTime "15:02:15 PDT"]
[Termination "Saif_Malek04 won by checkmate"]

1. e4 c5 2. Nf3 d6 3. d4 cxd4 4.
Nxd4 Nf6 5. Nc3 a6 6. Be2 e5 7. Nb3 Nc6 8. O-O Be7 9. f4 O-O 10. Qe1 b5 11. a3 Bb7 12. Qg3 Rc8 13. Be3 exf4 14. Bxf4 Ne5 15. Rad1 Qb6+ 16. Be3 Qc7 17. Nd4 Nxe4 18. Nxe4 Bxe4 19. c3 Nc4 20. Bxc4 Qxc4 21. Bh6 Bg6 22. Bxg7 Kxg7 23. Nf5+ Kh8 24. Nxe7 Rce8 25.
Qxd6 a5 26. Qf6# 1-0

[Event "Late-Titled-Tuesday-Blitz-September-26-2023"]
[Site "Chess.com"]
[Date "2023.09.26"]
[Round "6"]
[White "karinachess1"]
[Black "UK_23"]
[Result "1-0"]
[WhiteElo "2630"]
[BlackElo "2464"]
[TimeControl "180+1"]
[EndTime "15:02:19 PDT"]
[Termination "karinachess1 won by resignation"]

1. d4 d5 2. c4 e6 3. Nc3 Nf6 4.
cxd5 exd5 5. Bg5 Be7 6. e3 O-O 7. Bd3 Re8 8. Qc2 h6 9. Bh4 c5 10. Nf3 Nc6 11. O-O Nb4 12. Qd1 Nxd3 13. Qxd3 c4 14.
Qc2 a6 15. Ne5 Be6 16. f4 Nd7 17. Bxe7 Qxe7 18. f5 Nxe5 19. fxe6 Qxe6 20. dxe5 Qxe5 21. Rae1 b5 22. Rf5 Qe6 23. Nxd5 Rac8 24. Nf4 Qb6 25. Qf2 b4 26. Rxf7 Rf8 27. Rxf8+ Rxf8 28. Qg3 c3 29. bxc3 bxc3 30. Rc1 Qb2 31. Qe1 Rc8 32. Nd5 1-0

[Event "Late-Titled-Tuesday-Blitz-September-26-2023"]
[Site "Chess.com"]
[Date "2023.09.26"]
[Round "6"]
[White "PotapovaM"]
[Black "AsaHoffmann"]
[Result "1-0"]
[WhiteElo "2602"]
[BlackElo "2400"]
[TimeControl "180+1"]
[EndTime "15:02:19 PDT"]
[Termination "PotapovaM won by resignation"]

1. e4 d6 2. d4 Nf6 3. Nc3 c6 4. Bg5 Nbd7 5. f4 Qa5 6. Qd2 b5 7. Bd3 e5 8. dxe5 dxe5 9. Nf3 h6 10. Bh4 exf4 11. e5 Nd5 12. e6 N7f6 13. exf7+ Kxf7 14. Ne5+ Kg8 15. Bg6 Be6 16. Nxc6 Qc7 17. Nd4 Nxc3 18. Nxe6 Qe5+ 19. Kf1 Qxe6 20. Qxc3 Nd5 21. Qb3 Bc5 22. Re1 Qd6 23. Be4 g5 24. Qxd5+ Qxd5 25. Bxd5+ Kg7 26. Bxa8 Rxa8 27. Bf2 Bb4 28. c3 Bd6 29. Bd4+ Kf7 30. h3 b4 31. Kf2 a5 32. Re2 a4 33. cxb4 Bxb4 34. Rc1 1-0

[Event "Late-Titled-Tuesday-Blitz-September-26-2023"]
[Site "Chess.com"]
[Date "2023.09.26"]
[Round "6"]
[White "gordonzyxu"]
[Black "jcmesafischer"]
[Result "1-0"]
[WhiteElo "2180"]
[BlackElo "2323"]
[TimeControl "180+1"]
[EndTime "15:02:19 PDT"]
[Termination "gordonzyxu won by checkmate"]

1. e4 c5 2. Nf3 d6 3. Bb5+ Nd7 4. Ba4 Nf6 5. O-O Nxe4 6. Re1 Nf6 7. d4 e6 8. d5 e5 9. Nxe5 dxe5 10. Rxe5+ Be7 11. d6 Qa5 12. Rxe7+ Kf8 13. Bb3 c4 14. Bxc4 Ne5 15. Bb3 Be6 16. Bd2 Qc5 17. Be3 Qc6 18. Bxe6 fxe6 19.
Nc3 Rd8 20. Rxe6 Nc4 21. Bg5 Nxb2 22. Qd4 Qd7 23. Rxf6+ gxf6 24. Qxf6+ Kg8 25. Nd5 Re8 26. Ne7+ Rxe7 27. dxe7 Nc4 28. Qf8# 1-0

[Event "Late-Titled-Tuesday-Blitz-September-26-2023"]
[Site "Chess.com"]
[Date "2023.09.26"]
[Round "6"]
[White "NicholasTakano"]
[Black "cassoulet"]
[Result "0-1"]
[WhiteElo "2406"]
[BlackElo "2741"]
[TimeControl "180+1"]
[EndTime "15:02:21 PDT"]
[Termination "cassoulet won by resignation"]

1. e4 g6 2. d4 Bg7 3. Nc3 d6 4. Be3 Nd7 5. Qd2 c6 6. O-O-O b5 7. f3 Qa5 8. Kb1 Ngf6 9. g4 h5 10. g5 Nh7 11. h4 Ba6 12. Nge2 b4 13. Nd5 cxd5 14.
exd5 Nb6 15. Nf4 Bxf1 16. Rhxf1 Nxd5 17. Nxd5 Qxd5 18. f4 O-O 19. f5 a5 20. Qd3 a4 21.
fxg6 fxg6 22. Qxg6 b3 23. cxb3 axb3 24. a3 Qc4 25.
Rxf8+ Rxf8 26. Rc1 Rf1 27. Rxf1 Qxf1+ 28. Bc1 Nf8 29. Qe4 e6 30. Qe3 Qf5+ 31. Ka1 Qc2 32. Qc3 Bxd4 33. Qxc2 bxc2 34. Ka2 Ng6 35. b4 Nxh4 36.
Kb3 Nf5 37. Kxc2 h4 38. Bf4 h3 39. Kd3 Be5 0-1

[Event "Late-Titled-Tuesday-Blitz-September-26-2023"]
[Site "Chess.com"]
[Date "2023.09.26"]
[Round "6"]
[White "dropstoneDP"]
[Black "artin10862"]
[Result "1-0"]
[WhiteElo "3107"]
[BlackElo "2879"]
[TimeControl "180+1"]
[EndTime "15:02:24 PDT"]
[Termination "dropstoneDP won on time"]

1. e4 g6 2. d4 Bg7 3. Nf3 d6 4. Bc4 a6 5. O-O b5 6. Bb3 Bb7 7. a4 e6 8. d5 e5 9. axb5 axb5 10. Rxa8 Bxa8 11. Nc3 Nf6 12. Bg5 b4 13. Ba4+ Ke7 14. Na2 Na6 15. Bb5 Nc5 16. Qe2 c6 17. dxc6 Qa5 18.
Qc4 Rb8 19. Nxe5 Ne6 20. c7 Rc8 21. Nxb4 Rxc7 22. Nbc6+ Bxc6 23. Nxc6+ Rxc6 24. Bxf6+ Bxf6 25. Bxc6 Bxb2 26. Bd5 Nc5 27. g3 Qd2 28. Qb5 Bd4 29. Qc6 Be5 30. Qc7+ Kf6 31. Qxf7+ Kg5 32. f4+ Kg4 33.
Be6+ 1-0

[Event "Late-Titled-Tuesday-Blitz-September-26-2023"]
[Site "Chess.com"]
[Date "2023.09.26"]
[Round "6"]
[White "MajorCoast"]
[Black "maurovargas01"]
[Result "1-0"]
[WhiteElo "2273"]
[BlackElo "1904"]
[TimeControl "180+1"]
[EndTime "15:02:24 PDT"]
[Termination "MajorCoast won on time"]

1. c3 e5 2. d4 Nc6 3. dxe5 Nxe5 4. Nf3 Nc6 5. Bf4 d6 6. e3 Nf6 7. Bc4 Bg4 8. Qb3 d5 9. Qxb7 Na5 10. Bb5+ Bd7 11.
Bxd7+ Kxd7 12. Qxd5+ Nxd5 13. Ne5+ Kc8 14. b4 Nxf4 15.
exf4 Qe8 16. O-O Nb7 17. Re1 f6 18. Nf3 Qf7 19. Na3 Bd6 20. g3 Re8 21. Red1 Nd8 22. Nb5 Nb7 23. Nfd4 a6 24. Na3 c5 25. bxc5 Bxc5 26.
Nf5 1-0

[Event "Late-Titled-Tuesday-Blitz-September-26-2023"]
[Site "Chess.com"]
[Date "2023.09.26"]
[Round "6"]
[White "Hikaru"]
[Black "Kombinator01"]
[Result "1-0"]
[WhiteElo "3175"]
[BlackElo "2431"]
[TimeControl "180+1"]
[EndTime "15:02:25 PDT"]
[Termination "Hikaru won on time"]

1. b4 e5 2. Bb2 Bxb4 3. Bxe5 Nf6 4. e3 d5 5. c3 Ba5 6. Qa4+ Nc6 7. Bb5 Bb6 8. Bxc6+ bxc6 9. Qxc6+ Bd7 10. Bxf6 Bxc6 11. Bxd8 Rxd8 12. Nf3 Bb5 13. a4 Ba6 14. d4 c6 15. Ne5 Rd6 16. Kd2 f6 17. Nd3 Ke7 18. Nb4 Bc8 19. a5 Bc7 20. Ke2 Kf7 21. Nd2 Bg4+ 22. f3 Bf5 23. Rhc1 Re8 24. Na6 Bd8 25. Nc5 Bc8 26. Kf2 f5 27. f4 g5 28. Nf3 g4 29.
Ne5+ Kg7 30. Rcb1 Bc7 31. c4 Rh6 32. Kg1 Rd6 33. Rc1 h5 34. cxd5 Rxd5 35. a6 h4 36. Ncd3 Re6 37. Nb4 Rb5 38. Nbxc6 Bxe5 39. dxe5 Rb6 40.
Nd4 Re8 41. Rc7+ Kg6 42. Rxa7 Rb2 43. Rc1 1-0

[Event "Late-Titled-Tuesday-Blitz-September-26-2023"]
[Site "Chess.com"]
[Date "2023.09.26"]
[Round "6"]
[White "KamlaPasand"]
[Black "TheMagician"]
[Result "1/2-1/2"]
[WhiteElo "2435"]
[BlackElo "2259"]
[TimeControl "180+1"]
[EndTime "15:02:27 PDT"]
[Termination "Game drawn by repetition"]

1. e4 e5 2. Nf3 Nc6 3. Bc4 Bc5 4.
c3 Bb6 5. O-O Qe7 6. d4 d6 7.
dxe5 Nxe5 8. Nxe5 Qxe5 9. Qf3 Nf6 10. Bf4 Qxe4 11. Qxe4+ Nxe4 12. Nd2 Nxd2 13. Bxd2 Be6 14.
Rae1 Kd7 15. Bb5+ c6 16. Ba4 Rhe8 17. a3 Bc4 18. Rxe8 Rxe8 19. Re1 Rxe1+ 20. Bxe1 d5 21. Bc2 g6 22. g3 Be2 23. Kg2 Bg4 24. Bd2 Ke6 25. Bd3 Bf5 26. Be2 h5 27. f3 Bc2 28.
b4 f5 29. f4 Be4+ 30. Kf1 Bc7 31. h4 a5 32. Ke1 b5 33. Be3 a4 34. Kd2 Bd8 35.
Bd4 Be7 36. Ke3 Kd7 37. Be5 Bc2 38. Kd4 Bb3 39. Bf1 c5+ 40. bxc5 Kc6 41. Bd6 Bf6+ 42. Be5 Be7 43. Bd6 Bf6+ 44. Be5 Be7 1/2-1/2

[Event "Late-Titled-Tuesday-Blitz-September-26-2023"]
[Site "Chess.com"]
[Date "2023.09.26"]
[Round "6"]
[White "stregachess"]
[Black "LeninGuerra"]
[Result "0-1"]
[WhiteElo "2091"]
[BlackElo "2526"]
[TimeControl "180+1"]
[EndTime "15:02:33 PDT"]
[Termination "LeninGuerra won by resignation"]

1. d4 Nf6 2. Nf3 e6 3. Bf4 c5 4. e3 b6 5. Nbd2 Bb7 6. Nc4 d6 7. dxc5 e5 8. Bg3 bxc5 9. c3 Be7 10. Be2 O-O 11. h3 e4 12. Nfd2 d5 13. Na3 Bd6 14.
Bxd6 Qxd6 15. O-O Nc6 16. Rb1 Qe5 17. Nc2 Rad8 18. Qc1 Bc8 19. Rd1 Qg5 20. Kh1 Ne5 21. Nf1 Qh4 22. Kg1 Rd6 23. Qd2 Bxh3 24. Ng3 Nfg4 25. Qe1 Bxg2 26. Kxg2 Qh2+ 27. Kf1 Qh3+ 28. Kg1 Nf3+ 29. Bxf3 exf3 0-1

[Event "Late-Titled-Tuesday-Blitz-September-26-2023"]
[Site "Chess.com"]
[Date "2023.09.26"]
[Round "6"]
[White "Rital44"]
[Black "dedpihto_v_kozhanom_palto"]
[Result "0-1"]
[WhiteElo "2515"]
[BlackElo "2694"]
[TimeControl "180+1"]
[EndTime "15:02:34 PDT"]
[Termination "dedpihto_v_kozhanom_palto won by resignation"]

1. d4 g6 2. e4 Bg7 3. Nc3 d6 4. f4 Nc6 5. d5 Nd4 6. Nce2 c5 7.
Ng3 h5 8. h4 Bg4 9. Qd2 e5 10.
f5 Bf6 11. Qf2 Bxh4 12. Rxh4 Qxh4 13. Bd3 c4 14. Bxc4 Nxc2+ 15. Qxc2 Qxg3+ 16. Kf1 Kf8 17. Bd2 h4 18. Be1 Qf4+ 19. Bf2 gxf5 20. exf5 Rc8 21. b3 b5 22. Rc1 bxc4 23. bxc4 Nf6 24. c5 Rxc5 0-1

[Event "Late-Titled-Tuesday-Blitz-September-26-2023"]
[Site "Chess.com"]
[Date "2023.09.26"]
[Round "6"]
[White "Rutricks"]
[Black "DvaHrasta"]
[Result "1-0"]
[WhiteElo "2675"]
[BlackElo "2508"]
[TimeControl "180+1"]
[EndTime "15:02:34 PDT"]
[Termination "Rutricks won on time"]

1. e4 c6 2. e5 d5 3. exd6 e5 4. d7+ Nxd7 5. Bc4 Bc5 6. Nf3 e4 7.
Qe2 Ngf6 8. d4 O-O 9. dxc5 exf3 10. Qxf3 Re8+ 11. Be3 Ne5 12. Qf4 Nh5 13. Qe4 Nxc4 14. Qxc4 Be6 15. Qc3 f5 16. O-O f4 17. Bd4 Bd5 18.
Nd2 Qg5 19. f3 Re2 20. Bf2 Rae8 21. Rae1 R8e6 22. Rxe2 Rxe2 23. Re1 Qe7 24. Kf1 Rxe1+ 25. Bxe1 Nf6 26. Bh4 1-0

[Event "Late-Titled-Tuesday-Blitz-September-26-2023"]
[Site "Chess.com"]
[Date "2023.09.26"]
[Round "6"]
[White "Mesa_1"]
[Black "valemava"]
[Result "1-0"]
[WhiteElo "2623"]
[BlackElo "2403"]
[TimeControl "180+1"]
[EndTime "15:02:35 PDT"]
[Termination "Mesa_1 won by resignation"]

1. d4 c6 2. e4 d5 3. e5 c5 4. dxc5 Nc6 5. Nf3 Bg4 6. Bb5 Qc7 7. Qxd5 Bxf3 8. Qxf3 Qxe5+ 9. Be3 Rc8 10. Nc3 Nf6 11.
O-O-O e6 12. Rhe1 Bxc5 13. Bh6 Qh5 14. Qxh5 Nxh5 15. Be3 Bxe3+ 16. Rxe3 O-O 17. Rd7 a6 18. Be2 Nf4 19. Rxb7 Nxg2 20. Rg3 Nf4 21. Bxa6 Na5 22. Rb4 Rc6 23. Rxf4 Rxa6 24. Ra4 Raa8 25. b4 Nc4 26. Rxa8 Rxa8 27. Rg4 Ne5 28. Re4 Nd7 29. a4 Kf8 30.
a5 Ke7 31. Kb2 Rb8 32. Ka3 f6 33. Rc4 Kd6 34. b5 Nc5 35. b6 f5 36. Kb4 Na6+ 37. Kb5 Ra8 38. b7 Rb8 39. Kxa6 e5 40. Ka7 1-0

[Event "Late-Titled-Tuesday-Blitz-September-26-2023"]
[Site "Chess.com"]
[Date "2023.09.26"]
[Round "6"]
[White "Taran2004"]
[Black "korason34"]
[Result "0-1"]
[WhiteElo "2446"]
[BlackElo "2648"]
[TimeControl "180+1"]
[EndTime "15:02:40 PDT"]
[Termination "korason34 won by resignation"]

1. e4 c5 2. Nf3 d6 3. d4 cxd4 4. Qxd4 a6 5. c4 Nc6 6. Qd3 Nf6 7. Nc3 e6 8. Be3 Be7 9. h3 O-O 10. Be2 b6 11. Nd4 Ne5 12. Qd2 Bb7 13. f4 Ng6 14.
Bf3 Qc7 15. b3 Nh4 16. O-O e5 17. Nf5 Nxf5 18. exf5 e4 19. Bg4 d5 20. cxd5 Rad8 21. Rac1 Bb4 22. Bd4 Qd6 23. Bxf6 Qxf6 24. Rfd1 Rc8 25.
Nxe4 Bxd2 26. Nxf6+ gxf6 27. Rxc8 Be3+ 28. Kf1 Rxc8 29. d6 Bxf4 30. d7 Rd8 31. Bf3 Bxf3 32.
gxf3 Kf8 0-1

[Event "Late-Titled-Tuesday-Blitz-September-26-2023"]
[Site "Chess.com"]
[Date "2023.09.26"]
[Round "6"]
[White "roxannyzoldyck"]
[Black "Colombiano07"]
[Result "1-0"]
[WhiteElo "2207"]
[BlackElo "2368"]
[TimeControl "180+1"]
[EndTime "15:02:40 PDT"]
[Termination "roxannyzoldyck won by resignation"]

1. e4 c6 2. d4 d5 3. Nc3 dxe4 4.
Nxe4 Bf5 5. Ng3 Bg6 6. N1e2 Nf6 7. Nf4 e5 8. dxe5 Qxd1+ 9. Kxd1 Ng4 10. Be3 Nxe3+ 11.
fxe3 Nd7 12. h4 Bc5 13. h5 Bxe3 14. hxg6 Bxf4 15. gxf7+ Kxf7 16. Bc4+ Ke8 17. Nf5 Bxe5 18. Re1 Kd8 19. c3 g6 20. Nh6 Kc7 21. Kc2 a5 22.
Rad1 b5 23. Be6 Bd6 24. Nf7 1-0

[Event "Late-Titled-Tuesday-Blitz-September-26-2023"]
[Site "Chess.com"]
[Date "2023.09.26"]
[Round "6"]
[White "jcibarra"]
[Black "SpeedofLight0"]
[Result "0-1"]
[WhiteElo "2944"]
[BlackElo "3061"]
[TimeControl "180+1"]
[EndTime "15:02:41 PDT"]
[Termination "SpeedofLight0 won by resignation"]

1. e4 e5 2. Nf3 Nc6 3. Nc3 Nf6 4. h3 Bb4 5. Nd5 O-O 6. c3 Bd6 7. Nxf6+ Qxf6 8. Bc4 Bc5 9. b4 Bb6 10. d3 d6 11. a4 a6 12. O-O h6 13. Be3 Bxe3 14.
fxe3 Qe7 15. Nd2 Be6 16. Bd5 Nd8 17. b5 c6 18. Bc4 d5 19. exd5 cxd5 20. Ba2 Qc5 21.
Qe2 Qxc3 22. Rfc1 Qb4 23. Rcb1 Qd6 24. d4 axb5 25. axb5 Ra4 26. dxe5 Qxe5 27. Nf3 Qe4 28. Nd4 Rxd4 0-1

[Event "Late-Titled-Tuesday-Blitz-September-26-2023"]
[Site "Chess.com"]
[Date "2023.09.26"]
[Round "6"]
[White "Lennis93"]
[Black "pedromartinez91"]
[Result "0-1"]
[WhiteElo "2710"]
[BlackElo "2560"]
[TimeControl "180+1"]
[EndTime "15:02:48 PDT"]
[Termination "pedromartinez91 won by resignation"]

1. Nf3 b6 2. e4 Bb7 3. Nc3 e6 4. a3 Nf6 5. e5 Ne4 6. Bd3 d5 7.
exd6 Nxd6 8. O-O Nd7 9. Re1 Be7 10. b3 O-O 11. Bb2 Bf6 12. Qc1 Bxf3 13. gxf3 Ne5 14. Be2 Ng6 15. Kh1 Be5 16. Rg1 Qh4 17. Rg3 Nf5 18. Qg1 Nxg3+ 19. fxg3 Qd8 20. Bd3 Bd4 21. Qg2 Ne5 22. Be2 c5 23. f4 Nd7 24. g4 Nf6 25.
Bf3 Rc8 26. Re1 Nd5 27. Nxd5 exd5 28. c3 Bf6 29. g5 Be7 30. Bxd5 Qd7 31. c4 Rce8 32.
Rg1 Qf5 33. Qf3 Bd6 34. Rf1 Re7 35. d3 Rfe8 36. Be4 Rxe4 37. dxe4 Rxe4 38. Rd1 Qe6 39.
Rxd6 Re1+ 40. Kg2 Qxd6 41. Be5 Qd2+ 42. Kg3 Re3 0-1

[Event "Late-Titled-Tuesday-Blitz-September-26-2023"]
[Site "Chess.com"]
[Date "2023.09.26"]
[Round "6"]
[White "Njal28"]
[Black "Bauman_Guy"]
[Result "1-0"]
[WhiteElo "3087"]
[BlackElo "2864"]
[TimeControl "180+1"]
[EndTime "15:02:51 PDT"]
[Termination "Njal28 won by checkmate"]

1. d4 Nf6 2. c4 e6 3. Nc3 Bb4 4. e3 O-O 5. a3 Bxc3+ 6. bxc3 c5 7. Ne2 b6 8. Ng3 Ba6 9. e4 Ne8 10. d5 Nd6 11. Nh5 f5 12. e5 Nxc4 13. Bf4 Nb2 14. Qf3 Bxf1 15. Kxf1 Qe8 16. h4 Nd3 17. Nxg7 Kxg7 18. Qxd3 exd5 19. Rh3 Nc6 20. Qxd5 Qe6 21. Qd2 Kf7 22. Rd1 Rad8 23. Bg5 Nxe5 24. Bxd8 Rxd8 25. Qg5 Qf6 26. Qh5+ Qg6 27. Qe2 d6 28. Re3 Qf6 29.
Qh5+ Qg6 30. Qe2 Qf6 31. Qa2+ Kg7 32. Qd5 Ng4 33. Re6 Qxh4 34. g3 Qh2 35. Qxf5 Qh3+ 36. Ke2 Rf8 37. Re7+ Kh8 38. Qxf8# 1-0

[Event "Late-Titled-Tuesday-Blitz-September-26-2023"]
[Site "Chess.com"]
[Date "2023.09.26"]
[Round "6"]
[White "DeArron_Fox"]
[Black "falzehope0"]
[Result "1-0"]
[WhiteElo "2479"]
[BlackElo "2337"]
[TimeControl "180+1"]
[EndTime "15:02:57 PDT"]
[Termination "DeArron_Fox won by checkmate"]

1. d4 e6 2. c4 d5 3. Nc3 f5 4.
Nf3 c6 5. g3 Bd6 6. Bg2 Nf6 7.
O-O O-O 8. Bf4 Bxf4 9. gxf4 Nbd7 10. Ne5 Nxe5 11. fxe5 Ne4 12. Nxe4 dxe4 13. e3 b6 14. f3 exf3 15. Qxf3 Ba6 16. Qxc6 Qe7 17. b3 Rab8 18. Rad1 Rfd8 19. Qf3 Bb7 20. Qg3 Bxg2 21.
Kxg2 a5 22. d5 exd5 23. cxd5 Qa3 24. Rd2 Qb4 25. Rd4 Qc5 26. d6 Rf8 27. e6 Rbe8 28.
e7 Rf7 29. d7 Qxe7 30. dxe8=Q+ Qxe8 31. Rfd1 Rf8 32. Qf3 Qg6+ 33. Qg3 Qc6+ 34. Kg1 g6 35. Rd7 Qc3 36. Qf4 Qc2 37. Qc4+ Qxc4 38. bxc4 h5 39. Rb7 Re8 40. Kf2 Rf8 41. Rdd7 f4 42. Rg7+ Kh8 43. Rh7+ Kg8 44. Rbg7# 1-0

[Event "Late-Titled-Tuesday-Blitz-September-26-2023"]
[Site "Chess.com"]
[Date "2023.09.26"]
[Round "6"]
[White "chesselephant"]
[Black "sofaceindisguise"]
[Result "0-1"]
[WhiteElo "2526"]
[BlackElo "2707"]
[TimeControl "180+1"]
[EndTime "15:02:59 PDT"]
[Termination "sofaceindisguise won by resignation"]

1. d4 Nf6 2. c4 e6 3. Nc3 d5 4.
cxd5 exd5 5. Bg5 c6 6. e3 Bf5 7.
Nge2 Nbd7 8. Ng3 Bg6 9. f4 h6 10.
Bh4 Qb6 11. Qb3 Qxb3 12. axb3 Bc2 13. Kd2 Bxb3 14. Bd3 Bb4 15. Nf5 g6 16. Ng3 a5 17.
Ne2 Ne4+ 18. Bxe4 dxe4 19. g4 Nb6 20. Ke1 f5 21. gxf5 gxf5 22. Kf2 Kf7 23. Rhg1 a4 24. Ng3 Be6 25. Nce2 Nd5 26. Nh5 Rhg8 27. Rxg8 Kxg8 28.
Rg1+ Kf8 29. Rg6 Bf7 30. Rxh6 Ra5 31. Rh8+ Bg8 32. Nf6 Nxf6 33. Bxf6 Rb5 34. h4 Kf7 35. Be5 Bf8 36. Ng3 Rxb2+ 37. Kf1 Bg7 38. Rh5 Bxe5 39. fxe5 a3 40. Rxf5+ Ke7 41. e6 a2 42. Ra5 Rb1+ 43. Kf2 a1=Q 44. Rxa1 Rxa1 45. Nxe4 Bxe6 0-1

[Event "Late-Titled-Tuesday-Blitz-September-26-2023"]
[Site "Chess.com"]
[Date "2023.09.26"]
[Round "6"]
[White "lefonghua"]
[Black "WPWPWP-2015"]
[Result "0-1"]
[WhiteElo "2626"]
[BlackElo "2514"]
[TimeControl "180+1"]
[EndTime "15:03:01 PDT"]
[Termination "WPWPWP-2015 won by resignation"]

1. d4 Nf6 2. c4 c6 3. Nc3 d5 4.
Nf3 e6 5. e3 Nbd7 6. Qc2 Bd6 7.
b3 O-O 8. Be2 b6 9. Bb2 Bb7 10.
O-O Re8 11. Rad1 Rc8 12. Rfe1 Qc7 13. h3 h6 14. e4 e5 15. Qb1 exd4 16. Nxd4 Nxe4 17.
Nxe4 dxe4 18. Nf5 Be5 19. Bxe5 Rxe5 20. Nd6 Rd8 21. Nxe4 c5 22. Nd6 Bc6 23. Nb5 Qb7 24. Nd6 Qc7 25. Nb5 Qb7 26. Nd6 Qb8 27. Nb5 Nf6 28. Bf1 Rde8 29. Nc3 Qb7 30. Rxe5 Rxe5 31. Rd8+ Ne8 32. Qd1 Qe7 33. Qd6 Qxd6 0-1

[Event "Late-Titled-Tuesday-Blitz-September-26-2023"]
[Site "Chess.com"]
[Date "2023.09.26"]
[Round "6"]
[White "koncheto"]
[Black "Willychess95"]
[Result "0-1"]
[WhiteElo "2522"]
[BlackElo "2704"]
[TimeControl "180+1"]
[EndTime "15:03:03 PDT"]
[Termination "Willychess95 won by checkmate"]

1. e4 c5 2. Nf3 d6 3. d4 cxd4 4.
Nxd4 Nf6 5. f3 g6 6. c4 Bg7 7. Nc3 O-O 8. Be3 Nc6 9. Nc2 Be6 10. Be2 a5 11. O-O a4 12. Qd2 Qa5 13. Rac1 Rfc8 14.
Rfd1 Nd7 15. Na3 Nce5 16. Nd5 Qxd2 17. Bxd2 Bxd5 18. cxd5 Nc5 19. Bc3 Ned7 20. Kf2 Nb6 21. Bxg7 Kxg7 22. Rc3 f5 23. Ke3 Kf6 24. Kd4 Nbd7 25.
Nc4 Rc7 26. Rdc1 b5 27. Ne3 b4 28. Rc4 Rac8 29. R1c2 e5+ 30. dxe6 Nxe6+ 31. Kd5 Nb6+ 32. Kxd6 Rd7# 0-1

[Event "Late-Titled-Tuesday-Blitz-September-26-2023"]
[Site "Chess.com"]
[Date "2023.09.26"]
[Round "6"]
[White "HajiyevKanan"]
[Black "filipluczak05"]
[Result "0-1"]
[WhiteElo "2507"]
[BlackElo "2670"]
[TimeControl "180+1"]
[EndTime "15:03:14 PDT"]
[Termination "filipluczak05 won on time"]

1. d4 g6 2. c4 Bg7 3. Nf3 d6 4.
g3 Nc6 5. Bg2 e5 6. dxe5 dxe5 7.
Qxd8+ Nxd8 8. Nc3 c6 9. O-O f6 10. Be3 Bh6 11. Bxh6 Nxh6 12. Ne4 Ke7 13. Nfd2 Nhf7 14.
b4 a5 15. b5 Be6 16. Nc5 Rc8 17. Rac1 cxb5 18. cxb5 b6 19. Na4 Rb8 20. a3 Bd7 21. Rc7 Kd6 22. Rfc1 Bxb5 23. Ne4+ Ke6 24. Nac3 Be8 25.
Rd1 f5 26. h4 Bc6 27. Bh3 Rb7 28. Rc8 Bd7 29. Ng5+ Nxg5 30. Rxd8 Nxh3+ 0-1

[Event "Late-Titled-Tuesday-Blitz-September-26-2023"]
[Site "Chess.com"]
[Date "2023.09.26"]
[Round "6"]
[White "Garmendiarov"]
[Black "orestn"]
[Result "0-1"]
[WhiteElo "2304"]
[BlackElo "2422"]
[TimeControl "180+1"]
[EndTime "15:03:17 PDT"]
[Termination "orestn won on time"]

1. e4 e5 2. Nf3 d6 3. d4 exd4 4. Nxd4 Nf6 5. Nc3 Be7 6. Bf4 O-O 7. Qd2 c6 8. O-O-O Re8 9. f3 a5 10. g4 Na6 11. h4 Nc5 12. h5 Nfd7 13. Nf5 Ne5 14.
Nxe7+ Qxe7 15. Be2 Rd8 16. g5 Be6 17. g6 f6 18. gxh7+ Kxh7 19. Rdg1 b5 20. Bd1 b4 21.
Nb1 a4 22. Qg2 b3 23. cxb3 Ncd3+ 24. Kd2 Nxf4 25. Qg3 Ned3 26. Bc2 d5 27. Bxd3 Nxd3 28. Qg6+ Kg8 29. Kxd3 dxe4+ 30. Kc2 axb3+ 31. axb3 exf3 32. h6 Bd5 33. Nc3 Qf7 34. Qxg7+ Qxg7 35. Rxg7+ Kh8 36. Rhg1 Rab8 37. Nxd5 Rxd5 0-1

[Event "Late-Titled-Tuesday-Blitz-September-26-2023"]
[Site "Chess.com"]
[Date "2023.09.26"]
[Round "6"]
[White "Arteler"]
[Black "Flawless_Fighter"]
[Result "1-0"]
[WhiteElo "2589"]
[BlackElo "2765"]
[TimeControl "180+1"]
[EndTime "15:03:20 PDT"]
[Termination "Arteler won by resignation"]

1. d4 Nf6 2. Nc3 d5 3. Bf4 a6 4.
e3 e6 5. g4 Bb4 6. Ne2 O-O 7. h3 Bd6 8. g5 Ne8 9. h4 c5 10. Bxd6 Qxd6 11. Bg2 Nc6 12. f4 cxd4 13. Nxd4 e5 14. Nde2 d4 15. fxe5 Qxe5 16. exd4 Qe7 17. Qd2 Bg4 18. O-O-O Nd6 19. Rde1 Nc4 20. Qd3 Qb4 21. Nd1 Rfe8 22. a3 Bxe2 23. Rxe2 Qb5 24. Rhe1 Rxe2 25. Rxe2 Rd8 26. d5 N6e5 27. Qc3 Ng6 28. Re4 Nd6 29. Qc7 Qd7 30. Qxd7 Rxd7 31. Re3 Nxh4 32. Bh3 Rd8 33. c4 Nxc4 34. Re4 Nb6 35.
Rxh4 Rxd5 36. Rb4 Rc5+ 37. Nc3 Nd5 38. Rd4 1-0

[Event "Late-Titled-Tuesday-Blitz-September-26-2023"]
[Site "Chess.com"]
[Date "2023.09.26"]
[Round "6"]
[White "sergoy"]
[Black "MMSANCHEZ"]
[Result "1-0"]
[WhiteElo "2953"]
[BlackElo "2676"]
[TimeControl "180+1"]
[EndTime "15:03:21 PDT"]
[Termination "sergoy won by resignation"]

1. d4 e6 2. c4 b6 3. Nf3 Bb7 4.
g3 Nf6 5. Bg2 g6 6. O-O Bg7 7.
Qc2 Be4 8. Qb3 O-O 9. Nc3 Bb7 10. Qc2 c5 11. dxc5 bxc5 12. Bf4 d5 13. Rfd1 Nbd7 14. Ne5 Rc8 15. Qa4 Nxe5 16. Bxe5 Bc6 17. Qxa7 d4 18.
Bxc6 Rxc6 19. e3 d3 20. Qa3 Ng4 21. Bxg7 Kxg7 22. Ne4 f5 23. Rxd3 Qe7 24. Rad1 Rc7 25. Qc3+ Kh6 26. Nd6 e5 27. Rd5 e4 28. h3 Nf6 29. Re5 Qg7 30. Re6 Rd7 31. Nxf5+ gxf5 32. Rxd7 Qxd7 33. Rxf6+ Rxf6 34. Qxf6+ Kh5 35. g4+ fxg4 36. Qe5+ Kh4 37. Qg3+ Kg5 38. Qxg4+ Qxg4+ 39. hxg4 Kxg4 40. a4 1-0

[Event "Late-Titled-Tuesday-Blitz-September-26-2023"]
[Site "Chess.com"]
[Date "2023.09.26"]
[Round "6"]
[White "vladislavkovalev"]
[Black "Firouzja2003"]
[Result "0-1"]
[WhiteElo "2875"]
[BlackElo "3091"]
[TimeControl "180+1"]
[EndTime "15:03:23 PDT"]
[Termination "Firouzja2003 won by resignation"]

1. e4 c5 2. Nf3 e6 3. c3 Nf6 4. e5 Nd5 5. d4 cxd4 6. cxd4 b6 7. Bd3 Bb7 8. a3 Be7 9. O-O O-O 10. Re1 Na6 11.
Nbd2 Nac7 12. Ne4 f5 13. exf6 Nxf6 14. Qe2 Nxe4 15. Bxe4 Bxe4 16. Qxe4 Nd5 17. Bd2 Bd6 18. Ng5 Rf5 19. h4 h6 20. g4 Nf6 21. Qg2 Rd5 22. Ne4 Nxe4 23. Rxe4 Rc8 24. g5 h5 25. Bc3 Qe8 26. Rae1 Qg6 27. R4e2 Rf8 28. Qe4 Qf7 29. Kg2 Rf5 30. Rf1 Rf4 31. Qd3 Rg4+ 0-1

[Event "Late-Titled-Tuesday-Blitz-September-26-2023"]
[Site "Chess.com"]
[Date "2023.09.26"]
[Round "6"]
[White "brm72"]
[Black "QuintilianoR"]
[Result "0-1"]
[WhiteElo "2505"]
[BlackElo "2669"]
[TimeControl "180+1"]
[EndTime "15:03:23 PDT"]
[Termination "QuintilianoR won by resignation"]

1. e4 c5 2. Nf3 d6 3. d4 cxd4 4. Nxd4 Nf6 5. Nc3 g6 6. f3 Bg7 7. Be3 O-O 8. Qd2 Nc6 9. O-O-O d5 10. Qe1 e5 11. Nxc6 bxc6 12. exd5 Nxd5 13. Bc4 Be6 14.
Kb1 Re8 15. Bb3 a5 16. h4 h6 17. h5 g5 18. g4 Nxc3+ 19. Qxc3 Qc7 20. Bxe6 Rxe6 21. Qc4 e4 22. fxe4 Rae8 23. Bc1 Rxe4 24. Qc5 Rxg4 25. Rd6 Rc8 26. Rhd1 Bf8 27. Qf5 Bxd6 28.
Rxd6 Rg1 29. Rd7 Qf4 30. Qxf4 gxf4 31. Rd4 Re8 0-1